 Dungeon Crawl Stone Soup version 0.25-a0-424-g80bd347ae0 (webtiles) character file.

Game seed: 17222428671930394627, levelgen mode: deterministic

44 Nattfarinn the Caller (level 3, 0/21 HPs)
             Began as a Tengu Summoner on Jan 23, 2020.
             Succumbed to an adder's poison
             ... on level 2 of the Dungeon.
             The game lasted 00:02:34 (1346 turns).

Nattfarinn the Caller (Tengu Summoner)              Turns: 1346, Time: 00:02:35

Health: 0/21       AC:  8    Str:  9    XL:     3   Next: 60%
Magic:  4/7        EV: 14    Int: 15    God:
Gold:   47         SH:  0    Dex: 19    Spells: 3/6 levels left

rFire    . . .     SeeInvis .   b - +0 dagger
rCold    . . .     Gourm    .   (no shield)
rNeg     . . .     Faith    .   f - +2 scale mail {MR+}
rPois    .         Spirit   .   (helmet restricted)
rElec    .         Reflect  .   (no cloak)
rCorr    .         Harm     .   (no gloves)
MR       +....                  (boots unavailable)
Stlth    ++........             (no amulet)
HPRegen  0.07/turn              (no ring)
MPRegen  0.10/turn              (no ring)

@: agile, lethally poisoned (0 -> -3), berserk cooldown, slowed, very slow
A: beak, talons 3
a: no special abilities


You were on level 2 of the Dungeon.
You were not hungry.

You visited 1 branch of the dungeon, and saw 2 of its levels.

You collected 47 gold pieces.

Inventory:

Hand Weapons
 b - a +0 dagger (weapon)
Armour
 a - a +0 robe
 f - a +2 scale mail of magic resistance (worn)
Jewellery
 d - a cursed ring of teleportation
Scrolls
 g - 5 scrolls of identify
 i - a scroll of enchant weapon {unknown}
 l - a scroll of blinking {unknown}
Comestibles
 c - 2 rations
 k - 3 chunks of flesh


   Skills:
 * Level 2.1 Fighting
 - Level 2.1 Dodging
 - Level 2.0 Stealth
 + Level 2.4 Spellcasting
 + Level 5.2 Summonings


You had 3 spell levels left.
You knew the following spells:

 Your Spells              Type           Power        Failure   Level  Hunger
a - Summon Small Mammal   Summ           ###.         22%         1    #......
b - Call Imp              Summ           ###.....     32%         2    ###....

Your spell library contained the following spells:

 Spells                   Type           Power        Failure   Level  Hunger
 Call Canine Familiar     Summ           ###.....     54%         3    ###....
 Summon Guardian Golem    Hex/Summ       #.......     88%         3    ###....
 Summon Ice Beast         Ice/Summ       #.......     99%         4    #####..
 Summon Lightning Spire   Summ/Air       #.......     99%         4    #####..


Dungeon Overview and Level Annotations

Branches:
Dungeon (2/15)

Altars:


Innate Abilities, Weirdness & Mutations

You have a beak for a mouth.
You have claws for feet.


Message History

* * * LOW HITPOINT WARNING * * *
You feel sick.
* * * LOW HITPOINT WARNING * * *
You feel sick.
Your crimson imp blinks!
Okay, then.
You aren't carrying any potions.
As you read the scroll labeled MIKKUOG COE, it crumbles to dust.
It is a scroll of identify.
d - a cursed ring of teleportation Your magical contamination has completely faded away.
As you read the scroll labeled EFIRISTRAUHAE, it crumbles to dust.
You feel strangely unstable.
It was a scroll of teleportation.
* * * LOW HITPOINT WARNING * * *
You feel sick.
You swap places.
Your crimson imp disappears in a puff of smoke!
Your white imp disappears in a puff of smoke!
Your surroundings suddenly seem different.
You die...

###.###.## ###.
#......## # #.##
#####...### #...
#.#...## ###
#.###..# #######.
#.#
##÷########......†
#.#
#......##.).######
#.# #......##.###
## #@........#
#......####
#......# ########


There were no monsters in sight!

Vanquished Creatures
  3 dart slugs (D:1)
  A ball python (D:1)
  4 bats (D:1)
  A giant cockroach (D:1)
  4 goblins
  4 hobgoblins
  2 jackals (D:1)
  A quokka (D:2)
  3 frilled lizards (D:2)
  3 rats (D:1)
26 creatures vanquished.

Vanquished Creatures (collateral kills)
  An adder (D:2)
1 creature vanquished.

Grand Total: 27 creatures vanquished

Notes
Turn   | Place    | Note
-------+----------+-------------------------------------------
     0 | D:1      | Nattfarinn the Tengu Summoner began the quest for the Orb.
     0 | D:1      | Reached XP level 1. HP: 10/10 MP: 4/4
   104 | D:1      | Reached skill level 1 in Fighting
   104 | D:1      | Reached XP level 2. HP: 4/16 MP: 6/6
   105 | D:1      | Reached skill level 5 in Summonings
   682 | D:1      | Learned a level 2 spell: Call Imp
   799 | D:1      | Reached XP level 3. HP: 21/21 MP: 7/7
  1343 | D:2      | HP: 1/21 [poisoned by an adder]
  1346 | D:2      | Succumbed to an adder's poison

Levels and vault maps discovered:
D:1:      minmay_arrival_arboretum_small, layout_basic
D:2:      layout_rooms, kennysheep_nub

Skill      XL: |  1  2  3 |
---------------+----------+-----
Fighting       | 1 2 |  2.1
Summonings     | 5 |  5.2
Dodging        | |  2.1
Stealth        | |  2.0
Spellcasting   | |  2.4

Action                   || total
-------------------------++-------
Melee: Dagger            ||    99
       Unarmed           ||     8
       Kick              ||    21
       Peck              ||    12
 Cast: Call Imp          ||     2
  Use: Scroll            ||     2
       Potion            ||     2
 Stab: Sleeping          ||     2
  Eat: Chunk             ||     2
Armor: Robe              ||    29
       Scale mail        ||    19
Dodge: Dodged            ||    73

Table legend:
 A = Non-vault XP
 B = Vault XP
 C = Vault XP percentage of total XP
 D = Non-vault monster count
 E = Vault monster count
 F = Vault count percentage of total count
                 A         B        C        D         E       F
            +---------+---------+-------+---------+---------+-------
      Total |      63 |       0 |   0.0 |      27 |       0 |   0.0
            +---------+---------+-------+---------+---------+-------
        D:1 |      38 |       0 |   0.0 |      18 |       0 |   0.0
        D:2 |      25 |       0 |   0.0 |       9 |       0 |   0.0
            +---------+---------+-------+---------+---------+-------
